Cogmind - Beta 13 @@@ ROGUE MODE // 2024.06.17 @ 18:19:56 Player: N.W.L Result: Destroyed by Enhanced Grunt with Neutron Cannon Performance ------------- Evolutions (4) 2000 Regions Visited (13) 2600 Robots Destroyed (242) 1210 Value Destroyed (7537) 7537 Prototype IDs (229) 4580 Alien Tech Used (0) 0 Bonus (4297) 4297 TOTAL SCORE: 22224 Bonus ------- High Alert Combat Kills 533 Follower Combat Kills 235 Met Data Miner 300 Used Data Conduit 3000 Met Imprinter 300 Was Imprinted 300 Friendly Fire -371 Cogmind --------- Core Integrity 0/850 Matter 87/300 Energy 17/100 System Corruption 16% Temperature Cool (0) Movement Core (50) Location -6/Data Miner Parts ------- > --- POWER (1) -------- (None) > --- PROPULSION (5) --- (None) > --- UTILITY (7) ------ (None) > --- WEAPON (2) ------- (None) > --- INVENTORY (5) ---- Compact Matter Pod (150) Quantum Router Compact Ion Cannon Makeshift Spear CR-A16's Pointy Stick Peak State ------------ > --- POWER ------------ F-cell Engine > --- PROPULSION ------- Medium Treads Medium Treads Medium Treads Armored Huge Wheel > --- UTILITY ---------- Huge Storage Unit Advanced Sensor Array Core Analyzer Weapon Cycler Hardened Heavy Armor Plating Improved Trap Extractor > --- WEAPON ----------- Gauss Rifle Improved Proton Missile Launcher > --- INVENTORY -------- Compact Matter Pod Seismic Detector Advanced Targeting Computer Hardened Heavy Armor Plating Layered Medium Armor Plating Hardlight Generator High-powered Tractor Beam Mobile Refinery Mk. CCLXVII Drone Bay Hacking Drone Bay Compact Ion Cannon Compact Ion Cannon High-powered Shotgun Heavy Battle Rifle Coil Gun Magnetic Acceleration Cannon Rocket Launcher Remote Datajack RU-N14's Throwing Claymores RU-N14's Throwing Claymores RU-N14's Throwing Claymores Makeshift Sword CR-A16's Pointy Stick Fire Trap [Rating: 72] Favorites ----------- Power Nuclear Core Engine Heavy Deuterium Engine Power Core Nuclear Core Propulsion Light Treads Treads Light Treads Wheel Armored Wheel Utility Huge Storage Unit Device Advanced Sensor Array Storage Huge Storage Unit Processor Core Analyzer Hackware Hacking Suite Protection Hardened Medium Armor Plating Weapon Gauss Rifle Energy Gun Advanced Beam Rifle Energy Cannon Heavy Particle Cannon Ballistic Gun Gauss Rifle Ballistic Cannon Magnetic Acceleration Cannon Launcher Proton Missile Launcher Special Weapon Mining Laser Impact Weapon Power Maul Slashing Weapon Makeshift Sword Piercing Weapon Makeshift Spear Build | -11 -10 -10 -10 -8 -7 -7 -7 -7 -6 -6 -6 -6 -6 ------- Run | Yrd Mat Min Sub Mat Fac Low Low Zio Pro Fac Low Low Dat Slots Evolved 8 | . . . . 4 2 . . . . 2 . . . Power . | . . . . . . . . . . . . . . Propulsion 3 | . . . . 1 1 . . . . 1 . . . Utility 5 | . . . . 3 1 . . . . 1 . . . Weapon . | . . . . . . . . . . . . . . Parts Attached 266 | 6 15 1 8 32 50 12 13 8 8 60 27 14 12 Power 26 | 1 1 . . 5 7 . 2 . 1 4 2 3 . Engine 12 | 1 1 . . 1 3 . 1 . 1 1 1 2 . Core 14 | . . . . 4 4 . 1 . . 3 1 1 . Reactor . | . . . . . . . . . . . . . . Propulsion 40 | 2 2 . 2 5 8 1 3 . 2 12 2 1 . Treads 35 | 2 2 . 1 5 8 . 3 . 2 10 2 . . Leg . | . . . . . . . . . . . . . . Wheel 5 | . . . 1 . . 1 . . . 2 . 1 . Hover . | . . . . . . . . . . . . . . Flight . | . . . . . . . . . . . . . . Utility 78 | 1 3 . 2 7 10 5 1 6 3 16 13 5 6 Device 43 | . 2 . . 2 2 2 . 5 1 11 10 5 3 Storage 4 | 1 1 . . . 1 . . . . . 1 . . Processor 4 | . . . . . . . 1 . . 2 . . 1 Hackware 4 | . . . . . 1 1 . 1 1 . . . . Protection 23 | . . . 2 5 6 2 . . 1 3 2 . 2 Artifact . | . . . . . . . . . . . . . . Weapon 122 | 2 9 1 4 15 25 6 7 2 2 28 10 5 6 Energy Gun 4 | . . . . 3 1 . . . . . . . . Energy Cannon 9 | . . . 1 . 4 . . . . 1 1 2 . Ballistic Gun 39 | 2 5 . 2 3 3 2 2 1 1 12 4 1 1 Ballistic Cannon 1 | . . . . . . . . . . . . . 1 Launcher 39 | . 4 . . 9 7 4 2 . 1 9 2 1 . Special Weapon 5 | . . 1 1 . . . . 1 . . 1 . 1 Impact Weapon 13 | . . . . . 10 . 2 . . . 1 . . Slashing Weapon 9 | . . . . . . . 1 . . 6 1 . 1 Piercing Weapon 3 | . . . . . . . . . . . . 1 2 Special Melee Weapon . | . . . . . . . . . . . . . . Unidentified Prototypes 9 | . . . . 2 2 . . 3 . 2 . . . Corrupted Parts 1 | . . . . . . 1 . . . . . . . System Corruption 2 | . . . . . . 2 . . . . . . . Parts Lost 46 | . 1 . 3 2 8 2 2 . . 10 1 6 11 Power 8 | . . . . . 5 . . . . . . 2 1 Propulsion 18 | . 1 . 1 1 3 . 2 . . 6 1 2 1 Utility 13 | . . . 1 . . 2 . . . 3 . 1 6 Weapon 7 | . . . 1 1 . . . . . 1 . 1 3 Highest Loss Streak 11 | . 1 . 2 1 3 5 1 . . 3 1 3 11 To Critical Strikes . | . . . . . . . . . . . . . . Average Slot Usage (%) 91 | . 90 100 98 81 95 99 97 99 100 91 80 75 64 Engine 5 | . 14 14 14 . 4 7 7 7 7 2 5 5 5 Core 3 | . . . . 12 6 . . . . 3 . . . Treads 22 | . 25 28 27 18 27 23 20 23 23 28 13 12 . Wheel 3 | . . . . 2 . 6 7 7 7 1 6 6 5 Device 13 | . 7 14 6 8 9 13 11 10 15 22 18 17 13 Storage 7 | . 14 14 14 7 6 7 7 7 7 6 7 6 6 Processor 3 | . . . . . . . 2 7 7 3 6 6 13 Hackware 5 | . . . . . 6 7 15 15 13 . . . . Protection 8 | . . . 7 16 17 15 7 4 . 7 6 6 5 Energy Cannon 1 | . . . 10 1 3 . . . . . . . . Ballistic Gun 8 | . 23 14 10 2 . 10 8 15 14 9 8 8 . Launcher 2 | . 4 11 . 9 1 4 1 . . . 3 2 . Impact Weapon 1 | . . . . . 7 . 4 . . . . . . Naked Turns 1 | . . . . . . . . . . . . . 1 Heaviest Build 135 | 11 31 31 34 71 135 124 119 111 110 133 131 131 119 Greatest Support 126 | 40 40 40 40 60 80 12 12 12 56 126 12 28 28 Greatest Overweight (x) 11 | . . . 1 2 2 10 9 9 8 11 10 10 4 Average Overweight (x) 4 | . . . . . 1 9 9 8 4 3 9 5 3 Largest Inventory Capacity 25 | 8 15 15 15 15 25 25 25 25 25 25 25 25 25 Average Capacity 22 | 7 12 15 15 15 24 25 25 25 25 25 25 25 24 Most Carried 25 | 4 13 14 15 15 25 24 25 25 25 25 25 25 25 Average Carried 21 | 1 9 13 14 14 23 19 24 24 24 24 24 24 21 Final Capacity 25 | 8 15 15 15 15 25 25 25 25 25 25 25 25 5 Final Carried 25 | 4 13 14 15 14 22 24 24 25 23 24 25 25 5 Class Distribution -------------------- 45% | Mutant 32% | Scavenger-Mutant 22% | Hacker-Mutant Dominant Class ---------------- Mutant | -10/Materials Mutant | -10/Mines Mutant | -10/Subcaves Mutant | -8/Materials Mutant | -7/Factory Mutant | -7/Lower Caves Hacker-Mutant | -7/Lower Caves Hacker-Mutant | -7/Zion Scavenger-Mutant | -6/Proximity Caves Scavenger-Mutant | -6/Factory Scavenger-Mutant | -6/Lower Caves Scavenger-Mutant | -6/Lower Caves Mutant | -6/Data Miner Resources | -11 -10 -10 -10 -8 -7 -7 -7 -7 -6 -6 -6 -6 -6 ----------- Run | Yrd Mat Min Sub Mat Fac Low Low Zio Pro Fac Low Low Dat Matter Collected 6580 | 304 404 22 223 1004 756 402 461 92 262 1358 1001 269 22 Remotely 203 | . . . . . 138 . . . . 65 . . . Salvage Created 9769 | 124 620 22 92 2310 1994 367 709 . 514 2320 530 145 22 Parts 479 | 9 57 1 10 148 81 15 18 . 18 102 7 10 3 Haulers Intercepted 12 | . 2 . . 4 5 . . . . 1 . . . Recyclers Shooed 9 | . . . . 1 1 . . . . 7 . . . Parts Field Recycled . | . . . . . . . . . . . . . . Retrieved Matter . | . . . . . . . . . . . . . . Parts Self-Destructed 48 | . . . 9 . . 11 6 . 8 . 4 10 . Prevented 17 | . . . . . . . 3 . 9 . 5 . . Kills | -11 -10 -10 -10 -8 -7 -7 -7 -7 -6 -6 -6 -6 -6 ------- Run | Yrd Mat Min Sub Mat Fac Low Low Zio Pro Fac Low Low Dat Combat Hostiles Destroyed 157 | . 21 . 2 35 28 14 12 . 3 31 8 3 . Melee 7 | . . . . . 6 1 . . . . . . . Guns 32 | . 9 . . 3 . 1 1 . 1 12 2 3 . Cannons 3 | . . . 2 . 1 . . . . . . . . AOE 98 | . 12 . . 28 15 11 11 . . 18 3 . . Classes Destroyed 22 | 2 6 . 2 3 3 . 2 . 1 1 1 1 . Worker 20 | . 3 . . 2 5 . . . . 10 . . . Builder 13 | . 1 . . 5 3 . . . . 4 . . . Tunneler 5 | 3 . 1 . . 1 . . . . . . . . Hauler 12 | . 2 . . 4 5 . . . . 1 . . . Recycler 15 | 1 . . . 2 5 . . . . 7 . . . Minesweeper 1 | . . . . . . . . . . . . 1 . Mechanic 3 | . . . . 1 1 . 1 . . . . . . Operator 2 | . . . . . 1 . . . . 1 . . . Watcher 11 | . 3 . . 5 2 . . . . 1 . . . Swarmer 32 | . 9 . . 10 3 4 1 . . 2 . 3 . Grunt 80 | . 12 . . 17 18 9 6 . 1 11 6 . . Brawler 8 | . . . . 1 . 1 3 . 1 2 . . . Duelist 5 | . . . . . . . 1 . 1 2 1 . . Protector 2 | . . . . . . . . . . 2 . . . Sentry 13 | . . . . 7 2 . 1 . . 3 . . . Hunter 5 | . . . . . 1 . . . . 4 . . . Programmer 9 | . . . . . 4 . . . . 5 . . . Behemoth 1 | . . . . . . . . . . . 1 . . Artisan 1 | . . . 1 . . . . . . . . . . Subdweller 2 | . . . 2 . . . . . . . . . . Packrat 2 | . . . . . . . 2 . . . . . . Samaritan 5 | . . . . . . . 2 . 3 . . . . Mutant 2 | . . . . . . . . . 2 . . . . Best Kill Streak 11 | 4 7 1 1 7 8 4 9 . 2 11 4 3 1 Combat Bots Only 9 | . 4 . 1 5 6 4 9 . 2 5 4 3 . Max Kills in Single Turn 5 | 1 3 1 1 4 5 3 5 . 1 4 1 2 1 Gunslinging . | . . . . . . . . . . . . . . Exploded 5 | . 3 . . 3 5 3 5 . . 3 1 . . Melee 1 | . . . . . 1 1 . . . . . . . Uniques/NPCs Destroyed 1 | . . . . . . . . . . . . . 1 Data Miner (-6/Data Miner) Combat | -11 -10 -10 -10 -8 -7 -7 -7 -7 -6 -6 -6 -6 -6 -------- Run | Yrd Mat Min Sub Mat Fac Low Low Zio Pro Fac Low Low Dat Hostile Shots Fired 986 | . 93 . 18 96 286 37 96 . 2 235 56 10 57 Missed 289 | . 17 . 3 34 87 11 36 . . 75 13 2 11 Damage Taken 11586 | . 808 . 326 1091 2652 548 610 . 39 2209 816 530 1957 Core 1320 | . 138 . 21 73 139 42 40 . . 104 76 . 687 Absorbed by Shields 768 | . . . . . . 20 240 . . 392 24 . 92 Redirected to Shielding 102 | . . . . 17 54 31 . . . . . . . Ignored by Resistances 107 | . . . . 26 54 3 . . . 24 . . . Regen/Repaired (Parts) 650 | . . . . 110 540 . . . . . . . . Core Remaining (%) 72 | 100 . . 36 86 . . . . 68 . . . . Volleys Fired 489 | 12 72 7 21 51 47 12 37 . 41 120 37 30 2 Largest 2 | 2 2 1 2 2 2 2 2 . 2 2 2 2 2 Hottest 150 | 40 50 100 100 86 150 72 72 . 53 76 90 118 83 Shots Fired 732 | 24 108 7 26 100 86 22 43 1 43 174 51 44 3 Gun 431 | 24 91 . 17 17 13 4 30 1 41 136 31 25 1 Cannon 90 | . . . 6 2 55 . . . . . 10 16 1 Launcher 199 | . 17 1 . 81 18 18 13 . 2 38 8 3 . Special 12 | . . 6 3 . . . . . . . 2 . 1 Kinetic 424 | 24 91 . 17 9 13 4 30 1 41 136 31 25 2 Thermal 106 | . . 6 9 10 55 . . . . . 10 16 . Explosive 80 | . 17 1 . . 5 16 10 . . 26 2 2 1 Electromagnetic 122 | . . . . 81 13 2 3 . 2 12 8 1 . Robot Hit Streak 19 | 5 19 2 12 9 7 3 13 . 6 19 12 5 5 Robot Miss Streak 6 | 2 4 . 3 5 4 2 2 . 2 3 3 6 1 Penetration Max 1 | . . . . . . . . . . 1 . . . Secondary Targets . | . . . . . . . . . . . . . . Shots Hit Robots 480 | 14 72 1 17 45 93 14 32 . 31 110 28 15 8 Core Hits 433 | 7 48 1 5 83 48 27 37 . 9 134 16 10 8 Critical Kills 6 | . . . . . 4 . 1 . 1 . . . . Critical Parts Destroyed 15 | . . . . . 10 2 . . . 3 . . . Critical Strikes 23 | . . . . . 14 2 1 . 1 3 1 . 1 Destroy 5 | . . . . . . . 1 . 1 3 . . . Smash 16 | . . . . . 14 2 . . . . . . . Sever 2 | . . . . . . . . . . . 1 . 1 Melee Attacks 119 | . . . . . 63 6 2 . . 16 . 3 29 Impact 70 | . . . . . 63 6 1 . . . . . . Slashing 38 | . . . . . . . 1 . . 16 . . 21 Piercing 11 | . . . . . . . . . . . . 3 8 Sneak Attacks 17 | . . . . . 9 1 2 . . 4 . . 1 Combat Hostiles 1 | . . . . . . 1 . . . . . . . Follow-up Attacks 11 | . . . . . 7 2 . . . . . . 2 Damage Inflicted 25043 | 148 1849 26 185 3699 5823 1763 2261 . 818 6291 1267 398 515 Guns 5198 | 142 744 . 115 213 182 20 521 . 582 1997 354 305 23 Cannons 1000 | . . . 70 36 860 . . . . . . . 34 Explosions 15159 | . 1105 26 . 3450 2186 1418 1599 . 236 4008 834 93 204 Melee 3562 | . . . . . 2595 325 141 . . 286 . . 215 Ramming 6 | 6 . . . . . . . . . . . . . Kinetic 5148 | 142 744 . 115 129 182 20 521 . 582 1997 354 305 57 Thermal 2149 | . . . 70 651 1214 . . . . 214 . . . Explosive 8538 | . 1105 26 . . 1193 1339 1394 . . 2997 214 66 204 Electromagnetic 5522 | . . . . 2919 639 79 205 . 236 797 620 27 . Impact 2971 | . . . . . 2595 325 51 . . . . . . Slashing 601 | . . . . . . . 90 . . 286 79 . 146 Piercing 108 | . . . . . . . . . . . . . 108 Highest Corruption 16 | . 2 2 2 6 5 7 7 7 . 8 8 16 16 Average Corruption 5 | . 2 2 2 5 2 5 7 7 . 1 8 11 16 Corruption Purged . | . . . . . . . . . . . . . . Corruption Blocked . | . . . . . . . . . . . . . . Effects 355 | . 14 3 9 64 35 35 39 4 . 30 48 54 20 Message Errors 90 | . 4 1 1 13 9 6 9 1 . 7 21 12 6 Matter Fused 82 | . 4 1 2 14 9 6 8 . . 3 11 17 7 Heat Flow Errors 35 | . 1 . 1 8 3 6 5 . . 2 4 4 1 Energy Discharges 46 | . 2 1 2 9 3 4 8 2 . 8 1 4 2 Parts Rejected 7 | . 1 . . 1 1 . . . . 1 1 . 2 Parts Fused 5 | . . . 1 . . 1 . . . . . 3 . Data Loss (minor) 53 | . 2 . 1 7 5 10 5 . . 7 6 8 2 Data Loss (major) 11 | . . . . 5 4 . 1 . . . . 1 . Misfires 12 | . . . . 3 . 1 2 1 . . 1 4 . Alerts 7 | . . . 1 2 1 1 1 . . . 1 . . Weapon Failures 7 | . . . . 2 . . . . . 2 2 1 . Overload Shots . | . . . . . . . . . . . . . . Overflow Damage 1580 | . 5 . . 52 1268 122 77 . . 43 8 5 . Projectiles 152 | . . . . . 152 . . . . . . . . Explosions 210 | . 5 . . 52 31 . 66 . . 43 8 5 . Melee 1218 | . . . . . 1085 122 11 . . . . . . Knockbacks 16 | . . . . . 15 . . . . . . . 1 Impact 14 | . . . . . 14 . . . . . . . . Kinetic 1 | . . . . . . . . . . . . . 1 Secondary 1 | . . . . . 1 . . . . . . . . Self-Inflicted Damage 1015 | . 21 . . 219 124 141 105 . . 326 . 79 . Shots 48 | . 1 . . 17 6 6 3 . . 12 . 3 . Rammed 1 | 1 . . . . . . . . . . . . . Targets Rammed 1 | 1 . . . . . . . . . . . . . Kicked . | . . . . . . . . . . . . . . Crushed . | . . . . . . . . . . . . . . Highest Temperature 370 | . 167 100 137 363 338 268 244 . 3 159 260 370 169 Average Temperature 94 | . 54 52 30 108 108 102 80 . 2 27 100 127 87 Received Heat Transfer 2187 | . 366 . 90 423 513 171 130 . 36 282 176 . . Effects 10 | . . . . 6 . 2 1 . . . . 1 . Shutdowns 3 | . . . . 3 . . . . . . . . . Energy Bleed 1 | . . . . . . . 1 . . . . . . Interference 6 | . . . . 3 . 2 . . . . . 1 . Siege Activations . | . . . . . . . . . . . . . . Robots Corrupted 16 | . . . . 6 2 . . . 4 1 3 . . Combat Hostiles 12 | . . . . 4 2 . . . 2 1 3 . . Parts Fried 47 | . . . . 13 16 1 . . 5 2 10 . . Impact Corruptions 43 | . . . . . 39 3 1 . . . . . . Robots Melted . | . . . . . . . . . . . . . . Combat Hostiles . | . . . . . . . . . . . . . . Parts Melted 2 | . . . 1 . 1 . . . . . . . . Heat Transferred 2904 | . . . 148 1072 1434 . . . . 250 . . . Parts Sabotaged . | . . . . . . . . . . . . . . Parts Stolen 1 | . . . . . . . . . . . . 1 . Parts Stripped . | . . . . . . . . . . . . . . Power Chain Reactions 22 | . . . . 16 4 . . . . 2 . . . Alert | -11 -10 -10 -10 -8 -7 -7 -7 -7 -6 -6 -6 -6 -6 ------- Run | Yrd Mat Min Sub Mat Fac Low Low Zio Pro Fac Low Low Dat Peak Influence 848 | 20 482 173 . 848 822 . . . . 598 . . . Initial 343 | . 13 162 . . 343 . . . . . . . . Average 335 | 7 309 173 . 335 381 . . . . 331 . . . Maximum Alert Level 3 | . 2 . . 3 3 . . . . 2 . . . Low Security (%) 26 | 100 19 100 . 36 16 . . . . 22 . . . Level 1 40 | . 43 . . 29 54 . . . . 40 . . . Level 2 25 | . 37 . . 15 20 . . . . 36 . . . Level 3 7 | . . . . 18 8 . . . . . . . . Level 4 . | . . . . . . . . . . . . . . Level 5 . | . . . . . . . . . . . . . . High Security . | . . . . . . . . . . . . . . Max Security . | . . . . . . . . . . . . . . Squads Dispatched 38 | . 7 . . 5 14 . 1 . . 11 . . . Investigation 8 | . 5 . . 1 2 . . . . . . . . Extermination 9 | . . . . . 5 . . . . 4 . . . Reinforcement 11 | . 2 . . 3 5 . . . . 1 . . . Assault 5 | . . . . 1 1 . 1 . . 2 . . . Garrison 5 | . . . . . 1 . . . . 4 . . . Intercept . | . . . . . . . . . . . . . . Searches Triggered . | . . . . . . . . . . . . . . Construction Impeded 5 | . . . . 3 1 . . . . 1 . . . Haulers Reinforced 1 | . . . . . 1 . . . . . . . . Active Scanning Responses . | . . . . . . . . . . . . . . Cargo Convoy Interrupts 1 | . . . . . 1 . . . . . . . . Stealth | -11 -10 -10 -10 -8 -7 -7 -7 -7 -6 -6 -6 -6 -6 --------- Run | Yrd Mat Min Sub Mat Fac Low Low Zio Pro Fac Low Low Dat Distress Signals 9 | . 2 . . 3 2 . . . . 2 . . . Communications Jammed . | . . . . . . . . . . . . . . Distress Signals . | . . . . . . . . . . . . . . Times Spotted 248 | . 25 . 2 57 54 13 19 . 9 50 10 5 4 Peak Tracking Total 13 | . 6 . 1 7 7 4 13 . 6 7 4 3 4 Tactical Retreats 16 | . . . . 7 2 . 2 . 2 2 1 . . Traps | -11 -10 -10 -10 -8 -7 -7 -7 -7 -6 -6 -6 -6 -6 ------- Run | Yrd Mat Min Sub Mat Fac Low Low Zio Pro Fac Low Low Dat Traps Triggered 8 | . 1 . . 1 3 . . . . 2 . 1 . Indirectly 4 | . . . . . 3 . . . . 1 . . . Trap Hack Attempts . | . . . . . . . . . . . . . . Triggered . | . . . . . . . . . . . . . . Disarmed . | . . . . . . . . . . . . . . Reprogrammed 3 | . 3 . . . . . . . . . . . . Reused 5 | . . . 1 1 . . . . . 1 . . 2 Traps Extracted 9 | . . . . . . 2 . . . . 6 1 . Installed 19 | . . . 1 2 . . . . . 2 3 9 2 Triggered 4 | . . . . 1 1 1 . . . 1 . . . Most Traps Carried 4 | . . . 3 2 . 2 2 2 2 2 3 4 2 Machines | -11 -10 -10 -10 -8 -7 -7 -7 -7 -6 -6 -6 -6 -6 ---------- Run | Yrd Mat Min Sub Mat Fac Low Low Zio Pro Fac Low Low Dat Machines Disabled 22 | . 1 . 1 4 6 . . . . 10 . . . Max in Single Turn 3 | . 1 . 1 1 2 . . . . 3 . . . Garrison Access 2 | . . . . . 1 . . . . 1 . . . Machines Repaired . | . . . . . . . . . . . . . . Machines Dismantled . | . . . . . . . . . . . . . . Machines Sabotaged . | . . . . . . . . . . . . . . Overloaded Fab Kills . | . . . . . . . . . . . . . . Hacking | -11 -10 -10 -10 -8 -7 -7 -7 -7 -6 -6 -6 -6 -6 --------- Run | Yrd Mat Min Sub Mat Fac Low Low Zio Pro Fac Low Low Dat Machines Accessed 32 | . 9 . 2 8 7 . . . . 2 . . 4 Terminals 16 | . 6 . . 6 3 . . . . 1 . . . Fabricators 1 | . . . . . 1 . . . . . . . . Repair Stations 4 | . 1 . . 1 2 . . . . . . . . Recycling Units 4 | . 2 . . 1 . . . . . 1 . . . Scanalyzers . | . . . . . . . . . . . . . . Garrison Access 1 | . . . . . 1 . . . . . . . . Total Hacks 111 | . 26 . 4 22 22 . . . . 5 . . 32 Successful 76 | . 15 . 4 11 13 . . . . 1 . . 32 Failed 34 | . 10 . . 11 9 . . . . 4 . . . Catastrophic 11 | . 2 . . 3 4 . . . . 2 . . . Database Lockouts 1 | . 1 . . . . . . . . . . . . Manual 29 | . 8 . . 9 7 . . 1 . 4 . . . Terminals 46 | . 18 . . 18 9 . . . . 1 . . . Fabricators 3 | . . . . . 3 . . . . . . . . Repair Stations 13 | . 3 . . 2 8 . . . . . . . . Recycling Units 11 | . 5 . . 2 . . . . . 4 . . . Scanalyzers . | . . . . . . . . . . . . . . Garrison Access 2 | . . . . . 2 . . . . . . . . Terminal Hacks 57 | . 10 . 4 7 3 . . . . 1 . . 32 Record 14 | . . . 3 . . . . . . . . . 11 Part Schematic 13 | . 1 . . . . . . . . . . . 12 Robot Schematic 6 | . . . . . . . . . . . . . 6 Robot Analysis 1 | . . . . 1 . . . . . . . . . Prototype ID Bank 5 | . 1 . . 1 . . . . . . . . 3 Open DSF 1 | . . . . . . . . . . 1 . . . Level Access Points 1 | . . . . . 1 . . . . . . . . Branch Access Points 3 | . 1 . . 1 1 . . . . . . . . Terminal Index 1 | . 1 . . . . . . . . . . . . Repair Station Index 1 | . 1 . . . . . . . . . . . . Unreport Threat 1 | . . . . 1 . . . . . . . . . Locate Traps 3 | . 2 . . 1 . . . . . . . . . Reprogram Traps 1 | . 1 . . . . . . . . . . . . Hauler Manifests 2 | . 1 . . . 1 . . . . . . . . Registered Components 1 | . . . . 1 . . . . . . . . . Zone Layout 2 | . 1 . . 1 . . . . . . . . . Derelict Proto ID Bank 1 | . . . 1 . . . . . . . . . . Fabricator Hacks 1 | . . . . . 1 . . . . . . . . Build 1 | . . . . . 1 . . . . . . . . Repair Station Hacks 10 | . 1 . . 2 7 . . . . . . . . Scan Component 6 | . 1 . . 1 4 . . . . . . . . Repair 4 | . . . . 1 3 . . . . . . . . Recycling Unit Hacks 2 | . 1 . . 1 . . . . . . . . . Retrieve Components 2 | . 1 . . 1 . . . . . . . . . Scanalyzer . | . . . . . . . . . . . . . . Garrison Access Hacks 1 | . . . . . 1 . . . . . . . . Seal Access 1 | . . . . . 1 . . . . . . . . Unauthorized Hacks 5 | . 3 . . 1 1 . . . . . . . . Terminals 2 | . 1 . . 1 . . . . . . . . . Botnet 2 | . 1 . . 1 . . . . . . . . . Fabricators . | . . . . . . . . . . . . . . Repair Stations 1 | . . . . . 1 . . . . . . . . Mechanics 1 | . . . . . 1 . . . . . . . . Recycling Units 2 | . 2 . . . . . . . . . . . . Tunnel 2 | . 2 . . . . . . . . . . . . Scanalyzers . | . . . . . . . . . . . . . . Garrison Access . | . . . . . . . . . . . . . . Data Cores Recovered . | . . . . . . . . . . . . . . Used . | . . . . . . . . . . . . . . Hacking Detections 18 | . 6 . . 7 4 . . . . 1 . . . Full Trace Events 8 | . 4 . . 2 2 . . . . . . . . Feedback Events 1 | . . . . 1 . . . . . . . . . Corruption 1 | . . . . 1 . . . . . . . . . Feedback Blocked . | . . . . . . . . . . . . . . Robot Schematics Acquired 6 | . . . . . . . . . . . . . 6 Robots Built . | . . . . . . . . . . . . . . Authchips . | . . . . . . . . . . . . . . Time . | . . . . . . . . . . . . . . Total Robot Build Rating . | . . . . . . . . . . . . . . Part Schematics Acquired 13 | . 1 . . . . . . . . . . . 12 Parts Built 2 | . . . . . 2 . . . . . . . . Authchips . | . . . . . . . . . . . . . . Time 28 | . . . . . 28 . . . . . . . . Total Part Build Rating 8 | . . . . . 8 . . . . . . . . Parts Repaired 4 | . . . . 1 3 . . . . . . . . Time 140 | . . . . 26 114 . . . . . . . . Parts Recycled . | . . . . . . . . . . . . . . Recycled Matter . | . . . . . . . . . . . . . . Retrieved Matter . | . . . . . . . . . . . . . . Retrieved Components 3 | . 3 . . . . . . . . . . . . Parts Scanalyzed . | . . . . . . . . . . . . . . Part Schematics Acquired . | . . . . . . . . . . . . . . Parts Damaged . | . . . . . . . . . . . . . . Bothacking | -11 -10 -10 -10 -8 -7 -7 -7 -7 -6 -6 -6 -6 -6 ------------ Run | Yrd Mat Min Sub Mat Fac Low Low Zio Pro Fac Low Low Dat Used RIF Installer . | . . . . . . . . . . . . . . Robots Hacked . | . . . . . . . . . . . . . . Non-combat . | . . . . . . . . . . . . . . Combat . | . . . . . . . . . . . . . . Robot Hacks Applied . | . . . . . . . . . . . . . . Relay Couplers Released 1 | . . . . . . . . . . 1 . . . Machine Destruction 1 | . . . . . . . . . . 1 . . . Fabnet Peak Effective % . | . . . . . . . . . . . . . . Robots Rewired 2 | . . . . . . . 2 . . . . . . Allies Hacked . | . . . . . . . . . . . . . . Hacks Repelled . | . . . . . . . . . . . . . . Allies | -11 -10 -10 -10 -8 -7 -7 -7 -7 -6 -6 -6 -6 -6 -------- Run | Yrd Mat Min Sub Mat Fac Low Low Zio Pro Fac Low Low Dat Total Allies 7 | . . . . . . . 2 4 . 1 . . . Largest Group 4 | . . . . . . . 2 4 4 1 . . . Highest-Rated Group 160 | . . . . . . . 50 160 160 41 . . . Highest-Rated Ally 41 | . . . . . . . 30 41 41 41 . . . Zionite Dispatches 1 | . . . . . . . . . . 1 . . . Infowar Resupply 1 | . . . . . . . . . . 1 . . . Total Orders 4 | . . . . . . . . 2 1 1 . . . DROP 1 | . . . . . . . . . . 1 . . . EXPLORE 1 | . . . . . . . . 1 . . . . . RETURN 2 | . . . . . . . . 1 1 . . . . Ally Attacks 40 | . . . . . . . 1 . 25 14 . . . Total Damage 1324 | . . . . . . . . . 1087 237 . . . Kills 6 | . . . . . . . . . 6 . . . . Allies Corrupted 2 | . . . . . . . . . 2 . . . . Allies Melted . | . . . . . . . . . . . . . . Intel | -11 -10 -10 -10 -8 -7 -7 -7 -7 -6 -6 -6 -6 -6 ------- Run | Yrd Mat Min Sub Mat Fac Low Low Zio Pro Fac Low Low Dat Robot Analysis Total 135 | . . . . 1 . . . . . . . . 134 Derelict Logs Recovered 11 | . . . 1 . . 2 2 1 . . 2 3 . Drone Launches 2 | . . . . . . . . 1 1 . . . . Drone Recoveries 2 | . . . . . . . . 1 1 . . . . Exploration | -11 -10 -10 -10 -8 -7 -7 -7 -7 -6 -6 -6 -6 -6 ------------- Run | Yrd Mat Min Sub Mat Fac Low Low Zio Pro Fac Low Low Dat Turns Passed 20672 | 192 1146 194 690 2463 2955 1166 1336 2637 1334 3101 1533 1519 406 Spaces Moved 7804 | 91 576 101 386 956 995 432 533 853 536 1058 510 614 163 Core 3 | 1 . . . . . . . . . . . . 2 Treads 4070 | 90 576 101 368 887 995 . . . 289 764 . . . Legs . | . . . . . . . . . . . . . . Wheels 3731 | . . . 18 69 . 432 533 853 247 294 510 614 161 Hover . | . . . . . . . . . . . . . . Flight . | . . . . . . . . . . . . . . Fastest Speed 50 | 50 160 160 120 120 240 225 225 210 210 160 225 145 50 Average Speed 216 | 158 160 160 160 224 252 236 225 211 227 239 239 183 156 Slowest Speed 400 | 160 160 160 240 320 320 240 225 225 400 255 240 240 160 Overloaded Moves . | . . . . . . . . . . . . . . Propulsion Burnouts . | . . . . . . . . . . . . . . Robots Hopped . | . . . . . . . . . . . . . . Cave-ins Triggered 1 | . . . . . . . . . . . . 1 . Exploration Rate (%) 56 | 6 91 16 26 78 29 69 70 89 70 25 67 69 79 Regions Visited 13 Branch Regions 9 Pre-discovered Areas 36 | . 2 . 2 . . 1 . 3 . . . 1 27 Known Exits Taken 4 | . 1 . . . 1 . . . 1 1 . . . Unknown Exits Taken 9 | 1 . 1 1 1 . 1 1 1 . . 1 1 . Scrap Searched 38 | . . . 6 . . 5 2 3 4 . 14 4 . Spaces Dug 85 | . 10 . . 4 6 16 . . . 28 3 18 . Terrain Destroyed 704 | . 91 8 . 65 75 111 94 . 1 200 17 42 . Melee 18 | . . . . . 6 . . . . 11 . 1 . Projectile 32 | . . 2 . . . 3 . . 1 5 8 13 . AOE 653 | . 91 6 . 65 69 108 94 . . 184 8 28 . Terrain Rammed . | . . . . . . . . . . . . . . Walls Destroyed . | . . . . . . . . . . . . . . Machines Disabled . | . . . . . . . . . . . . . . Actions | -11 -10 -10 -10 -8 -7 -7 -7 -7 -6 -6 -6 -6 -6 --------- Run | Yrd Mat Min Sub Mat Fac Low Low Zio Pro Fac Low Low Dat Total 10655 | 113 691 114 430 1158 1226 539 619 1686 610 1449 768 967 285 Wait 1773 | . 19 5 . 81 52 73 19 806 20 159 173 293 73 Move 7790 | 90 575 100 385 955 994 431 532 852 535 1057 509 612 163 Hop . | . . . . . . . . . . . . . . Pick Up 90 | 4 9 1 7 15 17 5 . 8 1 12 7 1 3 Fast Attach 71 | 6 1 . 2 12 13 1 1 4 . 14 9 6 2 Attach 44 | . 3 . 2 5 7 3 2 . 2 8 2 1 9 Detach 11 | . . . . 1 2 1 1 1 . 4 1 . . Swap 151 | . 11 1 4 15 30 8 10 4 6 38 16 7 1 Drop 98 | . 1 . 8 21 13 1 . 11 5 19 11 4 4 Fire 489 | 12 72 7 21 51 47 12 37 . 41 120 37 30 2 Melee 102 | . . . . . 51 4 2 . . 16 . 3 26 Ram . | . . . . . . . . . . . . . . Kick . | . . . . . . . . . . . . . . Crush 1 | 1 . . . . . . . . . . . . . Escape Stasis 1 | . . . . . . . . . . . . 1 . Rewire 15 | . . . . . . . 15 . . . . . . Trap 19 | . . . 1 2 . . . . . 2 3 9 2 Miscellaneous . | . . . . . . . . . . . . . . Route ------- -11/Scrapyard -10/Materials (discovered 5 exits: [*Mat x3] / *Min x2) -10/Mines (discovered 2 exits: [*Mat] / *Sub) -10/Subcaves -8/Materials (discovered 3 exits: *Fac x3) -7/Factory (discovered 6 exits: *Fac x4 / *Low x2) -7/Lower Caves -7/Lower Caves (discovered 2 exits: *Fac / *Zio) -7/Zion -6/Proximity Caves -6/Factory (discovered 4 exits: *Fac x2 / *Low x2) -6/Lower Caves -6/Lower Caves (discovered 2 exits: *Fac / *Dat) -6/Data Miner (discovered 1 exit: [*Pro]) History --------- Turn | Location | Event 19 | -11/Scrapyard | Discovered new exit (range 16) 193 | -11/Scrapyard | Entered Materials 322 | -10/Materials | Build established: Mutant 330 | -10/Materials | Discovered new exit (range 8) 714 | -10/Materials | Discovered new exit (range 15) 784 | -10/Materials | Central database locked down 942 | -10/Materials | Core integrity fell below 50% 1025 | -10/Materials | Discovered new exit (range 8) 1198 | -10/Materials | Discovered new exit (range 10) 1252 | -10/Materials | Discovered new exit (range 8) 1287 | -10/Materials | Identified exit to Mines 1339 | -10/Materials | Entered Mines 1346 | -10/Mines | Received a Rocket Launcher from a helpful Derelict 1415 | -10/Mines | Discovered new exit (range 3) 1424 | -10/Mines | Met a Derelict bent on vengeance 1527 | -10/Mines | Discovered new exit (range 3) 1533 | -10/Mines | Entered Subcaves 1553 | -10/Subcaves | Shifting Twisted Machinery released Piercing Trap 1553 | -10/Subcaves | Learned location of Storage (-9) 1711 | -10/Subcaves | Visited 4L-MR0's lab 1732 | -10/Subcaves | Found Power Bank 1808 | -10/Subcaves | Discovered new exit (range 14) 1899 | -10/Subcaves | Visited Clippyterm 1903 | -10/Subcaves | Learned location of Extension (-4) 2082 | -10/Subcaves | Shifting Twisted Machinery released Piercing Trap 2084 | -10/Subcaves | Shifting Twisted Machinery released Sub. Optics 2223 | -10/Subcaves | Entered Materials 2223 | -8/Materials | Evolved 4 slots: Propulsion x1, Utility x3 2238 | -8/Materials | Attached Power Bank, gained temporary slots: Power x3 2311 | -8/Materials | Repaired Lgt. Treads 2772 | -8/Materials | Build established: Scavenger-Mutant 3312 | -8/Materials | Discovered new exit (range 3) 3810 | -8/Materials | Build established: Mutant 4406 | -8/Materials | Discovered new exit (range 15) 4574 | -8/Materials | Discovered new exit (range 14) 4623 | -8/Materials | First assault squad dispatched 4686 | -8/Materials | Entered Factory 4686 | -7/Factory | Evolved 2 slots: Propulsion x1, Utility x1 4721 | -7/Factory | Identified exit to Factory 4981 | -7/Factory | Repaired Insulated Plating? 5137 | -7/Factory | Repaired Hrd. Medium Armor Plating? 5551 | -7/Factory | Fabricated Imp. Trap Extractor? 6250 | -7/Factory | Cargo convoy interrupted 6713 | -7/Factory | Repaired Arm. Treads 7175 | -7/Factory | Garrison activated, responded to threat 7486 | -7/Factory | First assault squad dispatched 7486 | -7/Factory | Identified exit to Lower Caves 7641 | -7/Factory | Entered Lower Caves 7690 | -7/Lower Caves | Lost 5 parts (3n2u) 8477 | -7/Lower Caves | Learned location of Zion (-7) 8683 | -7/Lower Caves | Learned Factory terminal intel 8782 | -7/Lower Caves | Discovered new exit (range 9) 8807 | -7/Lower Caves | Entered another Lower Caves area 8834 | -7/Lower Caves | Discovered exit to Factory (range 7) 8896 | -7/Lower Caves | Encountered a Warlord checkpoint 9009 | -7/Lower Caves | Attracted the attention of an 0b10 outpost 9019 | -7/Lower Caves | Build established: Hacker-Mutant 9073 | -7/Lower Caves | Destroyed 9 combat bots 9450 | -7/Lower Caves | Attracted the attention of an 0b10 checkpoint 9947 | -7/Lower Caves | Learned location of 1 exit from Factory 10109 | -7/Lower Caves | Discovered new exit (range 7) 10143 | -7/Lower Caves | Entered Zion 10191 | -7/Zion | Given the Hacking Drone Bay 10191 | -7/Zion | Found Prototype Device 10241 | -7/Zion | System corruption cleaned by Quarantine Array 10712 | -7/Zion | Identified Hacking Drone Bay 10784 | -7/Zion | Found Prototype Special Weapon 10784 | -7/Zion | Identified RU-N14's Throwing Claymores 10793 | -7/Zion | Found RU-N14's Throwing Claymores 10797 | -7/Zion | Found RU-N14's Throwing Claymores 10800 | -7/Zion | Found RU-N14's Throwing Claymores 10879 | -7/Zion | Learned location of Quarantine (-3) 11049 | -7/Zion | Discovered new exit (range 117) 11116 | -7/Zion | Learned location of Data Miner (-6) 11242 | -7/Zion | Imprinted 11244 | -7/Zion | Declared Zion's savior 11379 | -7/Zion | Found CR-A16's Pointy Stick 11422 | -7/Zion | Learned Factory emergency access door positions 11674 | -7/Zion | Learned Factory scanalyzer intel 11723 | -7/Zion | Found Prototype Device 11724 | -7/Zion | Identified Mobile Refinery Mk. CCLXVII 12412 | -7/Zion | Received a visual enhancement algorithm 12780 | -7/Zion | Entered Proximity Caves 12780 | -6/Proximity Caves | Accompanied by 4 allies 13632 | -6/Proximity Caves | Build established: Scavenger-Mutant 14083 | -6/Proximity Caves | Discovered exit to Factory (range 15) 14114 | -6/Proximity Caves | Entered Factory 14114 | -6/Factory | Accompanied by 1 ally 14114 | -6/Factory | Evolved 2 slots: Propulsion x1, Utility x1 14115 | -6/Factory | Identified exit to Lower Caves 14116 | -6/Factory | Identified exit to Factory 14118 | -6/Factory | Loaded intel: 26 terminal locations 14119 | -6/Factory | Loaded intel: 4 scanalyzer locations 14126 | -6/Factory | Garrison activated, responded to threat 14408 | -6/Factory | Zion Infowar Resupply teleported in 14462 | -6/Factory | Discovered exit to Factory (range 15) 14491 | -6/Factory | Discovered exit to Lower Caves (range 15) 15196 | -6/Factory | Garrison activated, responded to threat 15625 | -6/Factory | Terminal network hard line cut 16914 | -6/Factory | First assault squad dispatched 17064 | -6/Factory | Lost 3 parts (3n) 17215 | -6/Factory | Entered Lower Caves 17230 | -6/Lower Caves | Spotted B-75 Beast 17504 | -6/Lower Caves | Destroyed B-75 Beast 17567 | -6/Lower Caves | Learned Factory terminal intel 17750 | -6/Lower Caves | Encountered a Warlord checkpoint 17789 | -6/Lower Caves | Build established: Mutant 18304 | -6/Lower Caves | Build established: Scavenger-Mutant 18527 | -6/Lower Caves | Learned Factory terminal intel 18657 | -6/Lower Caves | Discovered new exit (range 13) 18748 | -6/Lower Caves | Entered another Lower Caves area 18942 | -6/Lower Caves | Learned 8 Factory zone layouts 18956 | -6/Lower Caves | Learned Factory emergency access door positions 19151 | -6/Lower Caves | Discovered exit to Factory (range 11) 19673 | -6/Lower Caves | Crushed by falling debris 19674 | -6/Lower Caves | System corruption reached 10% 19704 | -6/Lower Caves | Lost 3 parts (1p1u1w) 19885 | -6/Lower Caves | Encountered a Warlord checkpoint 19967 | -6/Lower Caves | Build established: Mutant 20259 | -6/Lower Caves | Discovered new exit (range 5) 20267 | -6/Lower Caves | Entered Data Miner 20269 | -6/Data Miner | Discovered new exit (range 6) 20300 | -6/Data Miner | Met Data Miner 20371 | -6/Data Miner | Learned location of Section 7 (-2) 20371 | -6/Data Miner | Acquired the access code to Warlord's prototype stash 20403 | -6/Data Miner | Received God Mode back door access code from Data Miner 20458 | -6/Data Miner | Destroyed Data Miner 20463 | -6/Data Miner | Found Prototype Hackware 20466 | -6/Data Miner | Found Prototype Hackware 20468 | -6/Data Miner | Found Prototype Hackware 20469 | -6/Data Miner | Interfaced with the Data Conduit 20660 | -6/Data Miner | Core integrity fell below 50% 20672 | -6/Data Miner | Core integrity fell below 20% 20672 | -6/Data Miner | Released all parts (5) 20673 | -6/Data Miner | Destroyed by Enhanced Grunt with Neutron Cannon Last Messages --------------- 20641_ J H3&KZIPVOGLH%FV6FDLR